 Dungeon Crawl Stone Soup version 0.32-a0-931-g5a2cda0630 (webtiles) character file.

Game seed: 15610288886927757242

64250 bakla the Warrior (level 14, -10/126 (129) HPs)
             Began as a Demonspawn Brigand on Apr 14, 2024.
             Was a High Priest of Wu Jian.
             Mangled by a pharaoh ant (30 damage)
             ... on level 2 of the Spider Nest.
             The game lasted 00:48:49 (10654 turns).

bakla the Warrior (Demonspawn Brigand)             Turns: 10654, Time: 00:48:49

HP:   -10/126 (129) AC:  8    Str: 15    XL:     14   Next: 71%
MP:   14/14         EV: 34    Int: 12    God:    Wu Jian [*****.]
Gold: 286           SH:  4    Dex: 20    Spells: 13/13 levels left

rFire   . . .        L - +6 rapier (freeze)
rCold   . . .        (no shield)
rNeg    . . .        C - +3 leather armour
rPois   +            J - +0 helmet
rElec   .            Y - +1 cloak of Okuonios {Str+4}
rCorr   .            m - +0 pair of gloves
SInv    .            (boots unavailable)
Will    +....        h - amulet of regeneration
Stlth   +            f - +4 ring of protection
HPRegen 1.21/turn    S - ring of poison resistance
MPRegen 0.14/turn

%: no passive effects
@: exhausted, corroded, in a heavenly storm, glowing, lightly drained
A: hooves 3, rugged brown scales 2, foul stench 2, condensation shield, mutation
resistance 1
a: Renounce Religion, Wall Jump, Serpent's Lash, Heavenly Storm


You were on level 2 of the Spider Nest.
You worshipped Wu Jian.
Wu Jian was extremely pleased with you.
You visited 6 branches of the dungeon, and saw 23 of its levels.
You also visited: Ossuary, Bailey and Ice Cave.

You collected 1637 gold pieces.
You spent 1351 gold pieces at shops.

Inventory:

Hand Weapons
 L - a +6 rapier of freezing (weapon)
Missiles
 d - 22 poisoned darts (quivered)
 D - 5 curare-tipped darts
Armour
 c - a +0 cloak
 m - a +0 pair of gloves (worn)
 u - a +0 robe of resistance
 C - a +3 leather armour (worn)
 I - a +0 troll leather armour
 J - a +0 helmet (worn)
 K - a +1 leather armour of willpower
 V - +0 ice dragon scales
 X - a +0 kite shield
 Y - the +1 cloak of Okuonios (worn) {Str+4}
   (You bought it in a shop on level 2 of the Orcish Mines)

   Str+4:     It affects your strength (+4).
Jewellery
 a - a ring of see invisible
 f - a +4 ring of protection (left hand)
 h - an amulet of regeneration (around neck)
 o - an amulet of the acrobat
 q - a ring of willpower
 R - a ring of flight
 S - a ring of poison resistance (right hand)
 W - a ring of magical power
Wands
 v - a wand of digging (3)
 x - a wand of polymorph (21)
 y - a wand of acid (1)
 H - a wand of mindburst (4)
 P - a wand of flame (32)
 U - a wand of iceblast (6)
Scrolls
 b - 4 scrolls of immolation
 e - 4 scrolls of noise
 p - a scroll of torment
 r - 3 scrolls of fog
 t - 5 scrolls of teleportation
 F - 6 scrolls of enchant armour
 G - a scroll of summoning
 M - 2 scrolls of fear
 N - a scroll of vulnerability
 O - 2 scrolls of amnesia
Potions
 g - 8 potions of brilliance
 i - 4 potions of haste
 j - 2 potions of mutation
 k - 4 potions of berserk rage
 l - 2 potions of ambrosia
 n - a potion of enlightenment {unknown}
 s - 7 potions of curing
 w - 4 potions of magic
 z - 3 potions of attraction
 A - 5 potions of degeneration {unknown}
 B - 3 potions of cancellation {unknown}
 E - 4 potions of resistance {unknown}
 Q - a potion of lignification {unknown}
 T - 6 potions of heal wounds
Miscellaneous
 Z - a lightning rod (4/4)


   Skills:
 + Level 15.6 Fighting
 - Level 14.0 Short Blades
 - Level 1.7 Throwing
 + Level 14.0 Dodging
 - Level 3.6 Stealth
 - Level 3.0 Evocations


You had 13 spell levels left.
You didn't know any spells.
Your spell library contained the following spells:

 Spells                   Type           Power      Damage    Failure   Level
 Magic Dart               Conj           0%         1d3       38%         1
 Sting                    Conj/Alch      0%         1d3       38%         1
 Jinxbite                 Hex            0%         N/A       52%         2
 Mercury Vapours          Alch/Air       0%         N/A       52%         2
 Searing Ray              Conj           0%         2d4       52%         2
 Call Canine Familiar     Summ           0%         N/A       77%         3
 Sigil of Binding         Hex            0%         N/A       77%         3
 Dimensional Bullseye     Hex/Tloc       0%         N/A       99%         4
 Fulminant Prism          Conj/Alch      0%         3d5       99%         4
 Olgreb's Toxic Radiance  Alch           0%         N/A       99%         4
 Yara's Violent Unravell  Hex/Alch       0%         3d3       100%        5
 Enfeeble                 Hex            0%         N/A       100%        7


Dungeon Overview and Level Annotations

Branches:
Dungeon (12/15)            Temple (1/1) D:6            Lair (5/5) D:9
 Shoals (0/4) Lair:2       Spider (2/4) Lair:2        Slime (0/5) Lair:5
    Orc (2/2) D:12            Elf (1/3) Orc:2       Ossuary (visited)
 Bailey (visited)           IceCv (visited)

Altars:
Ashenzari
Cheibriados
Dithmenos
Fedhas
Gozag
Hepliaklqana
Kikubaaqudgha
Makhleb
Nemelex Xobeh
Okawaru
Qazlal
Ru
Sif Muna
Trog
Uskayaw
Vehumet
Wu Jian
Xom
Yredelemnul
Jiyva

Shops:
D:5 **   D:8 *   Orc:1 (   Orc:2 [**=[

Portals:
Trove: D:10 (give 13 potions of heal wounds)

Annotations:
Lair:4 2 transporters
Lair:5 exclusion: obsidian statue


Innate Abilities, Weirdness & Mutations

You have hooves in place of feet.
You are mostly covered in rugged brown scales. (AC +2, +5% HP)
You sometimes emit foul miasma when damaged in melee.
A meltable shield of frost defends you. (SH +4)
You are somewhat resistant to further mutation.


Message History

Unknown command.
Okay, then.
Okay, then.
The web tears apart.
The pharaoh ant completely misses you. You block the redback's attack.
The jorogumo completely misses you. The pharaoh ant misses you.
You puncture the redback! You freeze the redback. Your kick misses the redback.
The redback is heavily wounded.
The redback completely misses you.
You puncture the redback! You freeze the redback. You kick the redback.
You kill the redback!
The Council accepts your kill.
You can now summon a storm of heavenly clouds to empower your attacks.
The pharaoh ant completely misses you. The jorogumo misses you.
The wolf spider completely misses you. You block the wolf spider's attack.
You puncture the jumping spider simulacrum!
The jumping spider simulacrum vaporises!
The pharaoh ant completely misses you.
The jorogumo stares at you and mumbles some strange words.
The stream of webbing hits you but does no damage.
You are caught in a web!
The web tears apart.
The wolf spider hits you!
* * * LOW HITPOINT WARNING * * *
The wolf spider completely misses you. The pharaoh ant closely misses you.
The wolf spider hits you!
* * * LOW HITPOINT WARNING * * *
The wolf spider completely misses you. The jorogumo casts a spell at you.
The bolt of negative energy misses you.
A redback comes into view.
You spin and attack the wolf spider repeatedly.
You puncture the wolf spider! You freeze the wolf spider.
You kick the wolf spider, but do no damage.
The wolf spider is moderately wounded.
You barely miss the wolf spider.
The wolf spider is moderately wounded.
The wolf spider misses you. The wolf spider bites you.
* * * LOW HITPOINT WARNING * * *
The redback completely misses you. The pharaoh ant bites you!!
You die...

#. .^. . .#. #.
###.#^# ...# .
..B...#. ..#.(.#
#....s#.#.... #...##.#
...#.#..#.#.##.......#
..##.s#^^#...s###s. ..
#.. #..#§§#s....:#
..##.^. #§s°H#°#.#^#
.#.s..#!###○#@s§#○..#
...#....#H...##Bs..#
#.#..#...#..#.###°##
.H..#...#.^#...☼..
##.#$.#.##...#..#.#
#....†.#...#...#...#
#...#....#....... ...
....#..#†#..#.##.#.
.#. .#.
#.#†.#.#....... .#


You could see an emperor scorpion (soul bound), a jorogumo (soul bound), 2 wolf
spiders, a pharaoh ant and a redback.

Vanquished Creatures
  Donald (Orc:2)
  An orc warlord (Orc:2)
  A dire elephant (Lair:5)
  Josephine (Lair:4)
  4 hydras
  3 boulder beetles
  3 death yaks
  3 orc high priests (Orc:2)
  Nergalle (Lair:3)
  A pharaoh ant (Spider:2)
  An orb spider (Spider:1)
  2 orc knights
  Pikel (D:9)
  A deep elf pyromancer (D:12)
  2 obsidian bats (Orc:2)
  A necromancer (Lair:5)
  8 orc sorcerers
  3 wolf spiders
  3 ugly things
  2 cyclopes (D:12)
  A water nymph (Lair:2)
  3 manticores (D:12)
  13 elephants
  2 black mambas
  7 cane toads
  3 gargoyles
  A torpor snail (Lair:3)
  An unseen horror (D:12)
  2 rime drakes
  8 komodo dragons
  Psyche (D:9)
  5 trolls
  3 tarantellas
  A hornet (Lair:4)
  7 jumping spiders
  5 blink frogs (Lair:1)
  3 slime creatures (D:12)
  2 culicivoras
  5 wyverns
  47 yaks
  7 wraiths
  3 vampire mosquitoes (D:10)
  2 basilisks
  A warg (Orc:1)
  A death yak simulacrum (Lair:2)
  A steam dragon (D:8)
  5 redbacks
  Edmund (D:5)
  7 water moccasins
  Duvessa (D:4)
  An ice beast (D:8)
  38 orc warriors
  A sky beast (D:8)
  An elephant zombie (Lair:5)
  2 black bears (D:5)
  5 ogres
  15 wolves (Lair:3)
  3 lemures (D:9)
  3 centaurs
  A phantom (D:6)
  A kobold brigand (D:9)
  4 scorpions
  10 bullfrogs
  A two-headed ogre simulacrum (IceCv)
  Dowan (D:4)
  A howler monkey (D:9)
  2 bombardier beetles (D:5)
  5 hounds
  17 orc priests
  A sleepcap (D:3)
  5 iguanas
  Natasha (thrice) (D:4)
  33 orc wizards
  A spriggan simulacrum (IceCv)
  8 mummies (Ossuary)
  7 gnolls
  2 naga simulacra (IceCv)
  An adder (D:5)
  A shadow imp (D:5)
  A white imp (D:6)
  4 ufetubi (D:6)
  A ribbon worm (D:2)
  A dart slug (D:5)
  84 orcs
  4 ball pythons (D:1)
  4 endoplasms
  2 giant cockroaches
  6 goblins
  2 hobgoblins
  5 kobolds
  2 quokkas
  A bat (D:2)
  2 frilled lizards (D:1)
  A gnoll zombie (Ossuary)
  A hobgoblin zombie (Ossuary)
  4 kobold zombies (Ossuary)
  2 orc zombies (Ossuary)
  4 rats
497 creatures vanquished.

Vanquished Creatures (collateral kills)
  A slime creature (Lair:5)
  An elephant (Lair:5)
  2 cane toads (Lair:5)
  A komodo dragon (Lair:5)
  A rime drake (Lair:5)
  3 blink frogs (Lair:5)
  A water moccasin (Lair:5)
10 creatures vanquished.

Vanquished Creatures (others)
  A black bear (D:8)
  A kobold brigand (D:8)
  A bullfrog (D:8)
  A jelly (D:8)
  A butterfly (D:5)
5 creatures vanquished.

Grand Total: 512 creatures vanquished

Notes
Turn   | Place    | Note
-------+----------+-------------------------------------------
     0 | D:1      | bakla the Demonspawn Brigand began the quest for the Orb.
     0 | D:1      | Reached XP level 1. HP: 16/16 MP: 1/1
   356 | D:1      | Gained mutation: You are partially covered in rugged brown
                  | scales. (AC +1, +3% HP) [demonic ancestry]
   356 | D:1      | Reached XP level 2. HP: 14/22 MP: 2/2
  1082 | D:3      | Gained mutation: You have large cloven feet. [demonic
                  | ancestry]
  1082 | D:3      | Reached XP level 3. HP: 13/28 MP: 3/3
  1388 | D:4      | Noticed Natasha
  1392 | D:4      | Killed Natasha
  1393 | D:4      | Reached skill level 3 in Fighting
  1393 | D:4      | Reached XP level 4. HP: 31/36 MP: 4/4
  1538 | D:4      | Noticed a scorpion
  1543 | D:4      | Killed a scorpion
  1543 | D:4      | Noticed Natasha
  1544 | D:4      | Gained mutation: A meltable shield of frost defends you.
                  | (SH +4) [demonic ancestry]
  1544 | D:4      | Reached XP level 5. HP: 42/42 MP: 5/5
  1549 | D:4      | Killed Natasha
  1584 | D:4      | Noticed Natasha
  1601 | D:4      | Killed Natasha
  1695 | D:4      | Noticed Duvessa
  1697 | D:4      | Noticed Dowan
  1710 | D:4      | Killed Duvessa
  1711 | D:4      | Reached skill level 4 in Fighting
  1711 | D:4      | Gained mutation: You may rarely emit foul miasma when
                  | damaged in melee. [demonic ancestry]
  1711 | D:4      | Reached XP level 6. HP: 38/49 MP: 6/6
  1717 | D:4      | Killed Dowan
  1718 | D:4      | Reached skill level 5 in Short Blades
  1778 | D:5      | Entered Level 5 of the Dungeon
  1871 | D:5      | Gained mutation: You are mostly covered in rugged brown
                  | scales. (AC +2, +5% HP) [demonic ancestry]
  1871 | D:5      | Reached XP level 7. HP: 48/57 MP: 7/7
  1945 | D:5      | Found Geechus's Specific Store.
  1946 | D:5      | Found Deon's General Store.
  1956 | D:5      | Bought a potion of mutation for 88 gold pieces
  1956 | D:5      | Bought a scroll of identify for 22 gold pieces
  1956 | D:5      | Bought 2 potions of curing for 66 gold pieces
  2056 | D:5      | Reached skill level 5 in Fighting
  2069 | D:5      | Found a sand-covered staircase.
  2074 | Ossuary  | Entered an ossuary
  2500 | D:5      | Found a burning altar of Makhleb.
  2506 | D:5      | Noticed Edmund
  2528 | D:5      | Killed Edmund
  2654 | D:5      | Gained mutation: You have hoof-like feet. [demonic
                  | ancestry]
  2654 | D:5      | Reached XP level 8. HP: 52/67 MP: 8/8
  2792 | D:5      | Reached skill level 6 in Fighting
  3270 | D:6      | Found a staircase to the Ecumenical Temple.
  3296 | Temple   | Entered the Ecumenical Temple
  3302 | Temple   | Became a worshipper of the Wu Jian Council
  3735 | D:8      | Found a flagged portal.
  3750 | Bailey   | Entered a bailey
  3805 | Bailey   | Reached * piety under Wu Jian
  3847 | Bailey   | Reached skill level 7 in Fighting
  3852 | Bailey   | Reached XP level 9. HP: 69/75 MP: 9/9
  4006 | D:8      | Reached ** piety under Wu Jian
  4007 | D:8      | Reached skill level 10 in Short Blades
  4011 | D:8      | Reached skill level 11 in Fighting
  4011 | D:8      | Reached XP level 10. HP: 89/91 MP: 10/10
  4264 | D:8      | Noticed a brown ugly thing
  4265 | D:8      | Found Noxuts's Assorted Antiques.
  4277 | D:8      | Killed a brown ugly thing
  4278 | D:8      | Reached skill level 1 in Evocations
  4296 | D:8      | Bought a dyed leather armour for 135 gold pieces
  4296 | D:8      | Bought a scroll of identify for 54 gold pieces
  4296 | D:8      | Bought a scroll of fear for 108 gold pieces
  4408 | D:8      | Bought a rapier for 108 gold pieces
  4429 | D:8      | Found a shimmering altar of Xom.
  4576 | D:9      | Gained mutation: You have hooves in place of feet. [demonic
                  | ancestry]
  4576 | D:9      | Reached XP level 11. HP: 93/97 MP: 11/11
  4715 | D:9      | You fall into a shaft and drop 2 floors!
  4848 | D:10     | Entered Level 10 of the Dungeon
  4935 | D:10     | Found a portal to a secret trove of treasure.
  5044 | D:10     | Reached *** piety under Wu Jian
  5159 | D:9      | Found a staircase to the Lair.
  5181 | Lair:1   | Entered Level 1 of the Lair of Beasts
  5425 | Lair:2   | Found a frozen archway.
  5439 | IceCv    | Entered an ice cave
  5560 | Lair:3   | Gained mutation: You sometimes emit foul miasma when
                  | damaged in melee. [demonic ancestry]
  5560 | Lair:3   | Reached XP level 12. HP: 105/105 MP: 12/12
  5560 | Lair:3   | Noticed a boulder beetle
  5590 | Lair:3   | Killed a boulder beetle
  5761 | Lair:3   | Reached **** piety under Wu Jian
  5894 | Lair:3   | Noticed Nergalle
  5907 | Lair:3   | Killed Nergalle
  5917 | Lair:3   | Gained mutation: You are clumsy. (Dex -2) [potion of
                  | mutation]
  5918 | Lair:3   | Lost mutation: You are clumsy. (Dex -2) [potion of
                  | mutation]
  5918 | Lair:3   | Gained mutation: You are somewhat resistant to further
                  | mutation. [potion of mutation]
  6093 | Lair:3   | Noticed a death yak
  6108 | Lair:3   | Killed a death yak
  6330 | Lair:3   | Reached skill level 10 in Dodging
  6417 | Lair:4   | Noticed a six-headed hydra
  6418 | Lair:4   | Killed a six-headed hydra
  6419 | Lair:4   | Noticed Josephine
  6431 | Lair:4   | Killed Josephine
  6454 | Lair:4   | Noticed a four-headed hydra
  6462 | Lair:4   | Killed a four-headed hydra
  6528 | Lair:5   | Entered Level 5 of the Lair of Beasts
  6557 | Lair:5   | Noticed a five-headed hydra
  6575 | Lair:5   | Killed a five-headed hydra
  6576 | Lair:5   | Reached skill level 12 in Fighting
  6580 | Lair:5   | Reached XP level 13. HP: 64/113 MP: 13/13
  6686 | Lair:5   | Noticed a dire elephant
  6686 | Lair:5   | Noticed a dire elephant
  6687 | Lair:5   | Noticed a dire elephant
  6687 | Lair:5   | Noticed a dire elephant
  6733 | Lair:5   | Noticed a dire elephant
  6756 | Lair:5   | Killed a dire elephant
  6863 | Lair:5   | Found a viscous altar of Jiyva.
  6864 | Lair:5   | Found a staircase to the Slime Pits.
  6971 | Lair:4   | Reached skill level 13 in Fighting
  7091 | Lair:4   | Found a transporter.
  7119 | Lair:4   | Found a transporter.
  7481 | D:9      | Noticed Psyche
  7488 | D:9      | Noticed Pikel
  7500 | D:9      | Killed Psyche
  7502 | D:9      | Killed Pikel
  7705 | D:10     | Reached ***** piety under Wu Jian
  8738 | D:9      | Found a bloodstained altar of Trog.
  9303 | D:12     | Reached skill level 14 in Fighting
  9453 | D:12     | Reached XP level 14. HP: 106/126 MP: 14/14
  9607 | D:12     | Found a staircase to the Orcish Mines.
  9621 | Orc:1    | Entered Level 1 of the Orcish Mines
  9686 | Orc:2    | Entered Level 2 of the Orcish Mines
  9686 | Orc:2    | Found a staircase to the Elven Halls.
  9717 | Orc:2    | Noticed Donald
  9724 | Orc:2    | Killed Donald
  9735 | Elf:1    | Entered Level 1 of the Elven Halls
  9747 | Orc:2    | Noticed an orc warlord
  9756 | Orc:2    | Killed an orc warlord
  9860 | Orc:2    | Reached skill level 15 in Fighting
  9869 | Orc:2    | Found Nubyllof's General Store.
  9869 | Orc:2    | Found Ympoloej's Antique Armour Shoppe.
  9872 | Orc:2    | Found Kiyr's Jewellery Emporium.
  9874 | Orc:2    | Found Luokiananu's Antique Armour Emporium.
  9887 | Orc:2    | Bought a heavily runed cloak for 218 gold pieces
  9887 | Orc:2    | Identified the +1 cloak of Okuonios {Str+4} (You bought it
                  | in a shop on level 2 of the Orcish Mines)
  9898 | Orc:2    | Bought a scroll of enchant armour for 112 gold pieces
  9907 | Orc:2    | Found Sevuerym's Gadget Gallery.
  9924 | Orc:2    | Bought a lightning rod (4/4) for 440 gold pieces
 10104 | Orc:1    | Found Yxiz's Weapon Emporium.
 10488 | Lair:2   | Found a hole to the Spider Nest.
 10508 | Spider:1 | Entered Level 1 of the Spider Nest
 10644 | Spider:2 | Noticed an emperor scorpion
 10654 | Spider:2 | Mangled by a pharaoh ant

Illustrated notes

Levels and vault maps discovered:
D:1:      psy_arrival_terrarium, layout_loops_corners,
          hangedman_decor_clover_reticule
D:2:      layout_basic
D:3:      layout_loops_cross, nicolae_hexahallways, kennysheep_minor_cross
D:4:      layout_layer_cave, uniq_crazy_yiuf_cottage, uniq_duvessa, uniq_natasha
D:5:      minmay_spotlight, layout_basic, mainiacjoe_overflow_alcove_1,
          nicolae_elyvilon_peaceful_grove, mainiacjoe_overflow_catwalk,
          nicolae_ossuary_entry_ruins, nicolae_specific_store, uniq_edmund
D:6:      layout_basic, minmay_temple_entry_proselytizer
D:7:      layout_loops_cross
D:8:      layout_loops_ring, xom_confusion_cloud, enter_bailey_3, serial_shops,
          shop
D:9:      layout_basic, trog_butcher_becter, david_lair_shrubbed, uniq_pikel,
          uniq_psyche
D:10:     layout_basic, enter_trove_1
D:11:     layout_basic
D:12:     layout_roguey, david_orc_4
Temple:   bh_familiar_temple
Lair:1:   layout_loops_ring, grunt_megastairs_5
Lair:2:   layout_loops_ring, nicolae_shoals_entry_flooding,
          spider_nest_entry_funnel_web, portal_ice_cave_entry_ice_simulacra,
          infiniplex_staircase_pool
Lair:3:   layout_layer_cave, uniq_nergalle
Lair:4:   gammafunk_cloud_chamber, layout_gridlike, uniq_josephine
Lair:5:   due_jungle_book, layout_loops_ring, minmay_slime_entry_pillars,
          lemuel_fruit_fields
Spider:1: layout_spider_delve
Spider:2: layout_spider_delve
Orc:1:    layout_diamond_mine, gammafunk_ghost_split, serial_shops, shop
Orc:2:    st_orc_mages, layout_caves, nicolae_shop_gadgets, uniq_donald
Elf:1:    eino_elf_arrival_customs, layout_gridlike, basic_altar,
          mu_enter_wizlab_5, regret_index_elf_centigrade, patterned_corridor,
          minmay_shop_grove, uniq_aizul

Skill      XL: |  1  2  3  4  5  6  7  8  9 10 11 12 13 14 |
---------------+-------------------------------------------+-----
Short Blades   | 2 3 4 5 7 9 10 12 14 | 14.0
Fighting       | 3 4 5 7 11 12 14 15 | 15.6
Dodging        | 7 9 10 12 14 | 14.0
Evocations     | 2 3 |  3.0
Throwing       | |  1.7
Stealth        | |  3.6

Action                     |  1- 3 |  4- 6 |  7- 9 | 10-12 | 13-15 || total
---------------------------+-------+-------+-------+-------+-------++-------
  Melee: Dagger            |    68 |    62 |   498 |   110 |       ||   738
         Kick              |     3 |    20 |   158 |   316 |   404 ||   901
         Rapier            |       |       |       |   822 |  1107 ||  1929
  Throw: Dart              |     4 |    31 |    12 |     1 |    11 ||    59
 Invoke: Serpent's Lash    |       |       |       |     5 |     4 ||     9
         Heavenly Storm    |       |       |       |       |     3 ||     3
Ability: Lunge             |       |       |    22 |    39 |    45 ||   106
         Whirlwind         |       |       |    66 |   499 |   524 ||  1089
         Wall Jump         |       |       |       |     1 |     1 ||     2
  Evoke: Wand              |       |       |       |    22 |     5 ||    27
    Use: Scroll            |       |     1 |    14 |    12 |     4 ||    31
         Potion            |       |       |     5 |     9 |     1 ||    15
   Stab: Sleeping          |     8 |       |     7 |     8 |     3 ||    26
         Invisible         |       |       |    18 |    11 |       ||    29
         Petrifying        |       |       |       |     1 |     2 ||     3
         Distracted        |       |       |       |     1 |       ||     1
         Petrified         |       |       |       |       |     2 ||     2
 Armour: Robe              |    32 |       |       |       |       ||    32
         Leather armour    |     3 |    44 |   190 |   329 |   259 ||   825
  Dodge: Dodged            |    44 |    33 |   180 |   347 |   437 ||  1041
  Block: Other             |       |    10 |    57 |    77 |    60 ||   204

Table legend: (Time is in decaauts)
 A = Elapsed time spent in this place.
 B = Non-inter-level travel time spent in this place.
 C = Inter-level travel time spent in this place.
 D = Time resting spent in this place.
 E = Time spent auto-exploring this place.
 F = Levels seen in this place.
 G = Mean time per level.
                   A        B        C        D        E       F      G
               +--------+--------+--------+--------+--------+-----+--------+
         Total |  10479 |   8908 |   1571 |      0 |   2587 |  26 |  403.0 |
       Dungeon |   7033 |   5906 |   1127 |      0 |   2379 |  12 |  586.1 |
        Temple |     11 |      1 |     10 |      0 |      0 |   1 |   11.0 |
          Lair |   2276 |   1875 |    401 |      0 |      0 |   5 |  455.2 |
   Spider Nest |    141 |    141 |      0 |      0 |      0 |   2 |   70.5 |
  Orcish Mines |    568 |    535 |     33 |      0 |    156 |   2 |  284.0 |
   Elven Halls |      1 |      1 |      0 |      0 |      0 |   1 |    1.0 |
       Ossuary |    236 |    236 |      0 |      0 |     52 |   1 |  236.0 |
        Bailey |    192 |    192 |      0 |      0 |      0 |   1 |  192.0 |
      Ice Cave |     17 |     17 |      0 |      0 |      0 |   1 |   17.0 |
               +--------+--------+--------+--------+--------+-----+--------+

Top non-repeatable levels by time:
     D:9: 994 daAuts
  Lair:3: 916 daAuts
    D:11: 797 daAuts
    D:12: 725 daAuts
     D:5: 721 daAuts
    D:10: 597 daAuts
     D:6: 594 daAuts
     D:8: 591 daAuts
     D:4: 557 daAuts
     D:1: 534 daAuts
  Lair:2: 503 daAuts
  Lair:5: 392 daAuts
     D:3: 378 daAuts
  Lair:4: 374 daAuts
     D:2: 295 daAuts
